 Dungeon Crawl Stone Soup version 0.28.0-43-g3370ac3207 (webtiles) character file.

Game seed: 16340312511503026683

18 fragbeetle the Changer (level 2, 0/23 HPs)
             Began as a Draconian Transmuter on Mar 9, 2022.
             Slain by a rat (2 damage)
             ... on level 1 of the Dungeon.
             The game lasted 00:00:38 (467 turns).

fragbeetle the Changer (Draconian Transmuter)        Turns: 467, Time: 00:00:39

Health: 0/23       AC:  4    Str: 12    XL:     2   Next: 51%
Magic:  5/5        EV: 12    Int: 13    God:
Gold:   40         SH:  0    Dex: 11    Spells: 4/5 levels left

rFire   . . .      SeeInvis .   d - +1 mace (vorpal)
rCold   . . .      Faith    .   (no shield)
rNeg    . . .      Spirit   .   (armour unavailable)
rPois   .          Reflect  .   (helmet restricted)
rElec   .          Harm     .   (no cloak)
rCorr   .          Rampage  .   (no gloves)
Will    .....                   (no boots)
Stlth   +.........              (no amulet)
HPRegen 0.07/turn               (no ring)
MPRegen 0.09/turn               (no ring)

@: no status effects
A: AC +4, unfitting armour, cold-blooded
a: no special abilities


You were on level 1 of the Dungeon.
You visited 1 branch of the dungeon, and saw 1 of its levels.

You collected 40 gold pieces.

Inventory:

Hand Weapons
 d - a +1 vorpal mace (weapon)
Magical Staves
 a - a staff of death
Scrolls
 c - a scroll of blinking {unknown}
Potions
 b - 2 potions of berserk rage {unknown}


   Skills:
 - Level 1.1 Fighting
 - Level 1.7 Dodging
 - Level 3.0 Unarmed Combat
 - Level 2.0 Spellcasting
 + Level 3.2 Transmutations


You had 4 spell levels left.
You knew the following spells:

 Your Spells              Type           Power      Damage    Failure   Level
a - Beastly Appendage     Tmut           18%        N/A       7%          1

Your spell library contained the following spells:

 Spells                   Type           Power      Damage    Failure   Level
 Wereblood                Tmut           9%         N/A       11%         2
 Spider Form              Tmut/Pois      5%         N/A       36%         3
 Ice Form                 Ice/Tmut       5%         N/A       78%         4


Dungeon Overview and Level Annotations

Branches:
Dungeon (1/15)

Altars:


Innate Abilities, Weirdness & Mutations

Your plain brown scales are hard. (AC +4)
You cannot fit into any form of body armour.
You are cold-blooded and may be slowed by cold attacks.


Message History

You hit the dart slug but do no damage. You tail-slap the dart slug.
The dart slug is moderately wounded.
The kobold hits you but does no damage. The rat bites you but does no damage.
The kobold hits you but does no damage. The dart slug launches a dart at you.
The slug dart misses you.
You hit the dart slug.
The dart slug is severely wounded.
The rat closely misses you. The kobold hits you but does no damage.
The rat closely misses you. The dart slug barely misses you.
You hit the dart slug.
The dart slug is almost dead.
The kobold closely misses you. The rat barely misses you.
The kobold hits you with a +0 club. The dart slug barely misses you.
You hit the dart slug.
You kill the dart slug!
The rat misses you. The rat bites you. The kobold hits you but does no damage.
You barely miss the goblin.
Your tail-slap misses the goblin.
The rat barely misses you. The goblin completely misses you.
The rat misses you. The kobold hits you with a +0 club.
The rat closely misses you. The goblin hits you but does no damage.
You hit the goblin.
You kill the goblin!
The rat bites you but does no damage. The kobold hits you with a +0 club.
The rat closely misses you. The rat bites you.
The kobold hits you but does no damage.
You are too injured to fight recklessly!
You are too injured to fight recklessly!
You are too injured to fight recklessly!
You are too injured to fight recklessly!
You are too injured to fight recklessly!
You hit the rat.
You kill the rat!
The rat barely misses you. The kobold hits you with a +0 club.
* * * LOW HITPOINT WARNING * * *
You closely miss the kobold.
Your tail-slap misses the kobold.
The rat bites you.
* * * LOW HITPOINT WARNING * * *
The kobold barely misses you. The rat bites you.
You die...

###.......#........#
####.......#........#
...........##########
####.......#
#.......# #....####
#..†.# #.†..# #@K..#
......r)†....#
..[.♣♣..P..#..# ..
≈≈P≈≈P...#
P≈.≈≈≈≈P..#
.≈≈≈≈≈≈≈≈.##
.≈.≈≈≈≈)≈≈.#
..♣≈≈≈≈≈≈≈≈P#


You could see a kobold and a rat.

Vanquished Creatures
  A dart slug (D:1)
  A ball python (D:1)
  A bat (D:1)
  An endoplasm (D:1)
  2 giant cockroaches (D:1)
  2 goblins (D:1)
  A hobgoblin (D:1)
  2 kobolds (D:1)
  4 rats (D:1)
15 creatures vanquished.

Vanquished Creatures (others)
  2 plants (D:1)
2 creatures vanquished.

Grand Total: 17 creatures vanquished

Notes
Turn   | Place    | Note
-------+----------+-------------------------------------------
     0 | D:1      | fragbeetle the Draconian Transmuter began the quest for the
                  | Orb.
     0 | D:1      | Reached XP level 1. HP: 16/16 MP: 3/3
   343 | D:1      | Reached XP level 2. HP: 23/23 MP: 3/5
   467 | D:1      | Slain by a rat

Illustrated notes

Levels and vault maps discovered:
D:1:      kennysheep_arrival_seaside, layout_basic,
          hellmonk_ecumenical_altar_crossroads, serial_bayou,
          serial_bayou_pond_b, serial_bayou_pond_e, serial_bayou_lake_a,
          serial_bayou_pond_a, minmay_pentomino_z2

Skill      XL: |  1  2 |
---------------+-------+-----
Transmutations | 3 |  3.2
Fighting       | |  1.1
Dodging        | |  1.7
Unarmed Combat | |  3.0
Spellcasting   | |  2.0

Action                   || total
-------------------------++-------
Melee: Unarmed           ||    24
       Kick              ||     1
       Mace              ||    13
       Tailslap          ||     2
 Cast: Beastly Appendage ||     5
Armor: Skin              ||    19
Dodge: Dodged            ||    36
